Map: [ESL] Gresvan

Players

Spirit - Winner!

  • Race: Terran Terran
  • Spawn Location: 11:00

AqueroN

  • Race: Terran Terran
  • Spawn Location: 5:00

Event: ESL SC2 Masters 2023 Summer (Regionals)

VOD

Have the link to the VOD?

Description

Time

  • Played on: May 11, 2023, 11:13 a.m.
  • Length: 22:53

All games in this series

Show
View Real Time Build Order
Export as new Build Order

Spirit Terran - Winner!

Build Orders:  

Get SALT Encoding   

  12  0:00  SCV  
  13  0:12  SCV  
  14  0:17  Supply Depot  
  14  0:24  SCV  
  15  0:38  SCV  
  15  0:40  Barracks  
  16  0:45  Refinery  
  16  0:50  SCV  
  16  0:52  Refinery  
  17  1:02  SCV  
  18  1:15  SCV  
  19  1:27  Orbital Command, Reaper  
  20  1:33  Supply Depot  
  20  1:41  Factory  
  20  1:53  SCV  
  21  1:59  Barracks Reactor  
  21  2:05  SCV  
  22  2:17  SCV  
  23  2:23  Command Center  
  23  2:27  Hellion  
  23  2:29  SCV  
  26  2:36  Reaper x2  
  28  2:39  Supply Depot  
  28  2:42  SCV  
  29  2:49  Hellion  
  31  2:57  Starport  
  31  3:01  SCV  
  32  3:08  Marine x2  
  32  3:10  Factory Tech Lab  
  34  3:13  SCV  
  35  3:23  Refinery  
  35  3:25  SCV  
  36  3:27  Marine  
  36  3:33  Starport Tech Lab  
  37  3:35  Cyclone  
  37  3:36  Orbital Command  
  37  3:39  SCV  
  41  3:43  Marine  
  41  3:45  Marine  
  43  3:51  Supply Depot  
  43  3:52  Raven  
  43  3:55  SCV  
  46  4:02  SCV  
  47  4:07  SCV, Siege Tank  
  51  4:12  Supply Depot  
  51  4:14  SCV  
  53  4:19  SCV  
  55  4:26  Raven, SCV  
  58  4:31  SCV  
  58  4:36  Command Center  
  58  4:38  SCV  
  58  4:42  Supply Depot  
  58  4:43  SCV  
  58  4:44  Marine  
  58  4:45  Marine  
  61  4:50  SCV  
  62  4:55  Siege Tank  
  62  4:56  SCV  
  66  5:02  SCV  
  67  5:08  SCV, Starport Reactor  
  67  5:09  Barracks  
  67  5:13  Barracks  
  67  5:15  Stimpack, Marine  
  67  5:18  SCV  
  67  5:20  SCV  
  67  5:30  SCV  
  67  5:31  Refinery  
  67  5:32  SCV  
  67  5:33  Marine  
  70  5:36  Engineering Bay  
  70  5:37  Engineering Bay  
  70  5:42  SCV  
  71  5:44  SCV  
  71  5:47  Orbital Command  
  72  5:51  Siege Tank  
  72  5:54  SCV  
  72  5:56  SCV  
  77  6:01  Viking  
  77  6:02  Terran Infantry Weapons Level 1  
  77  6:03  Terran Infantry Armor Level 1  
  79  6:04  Barracks Reactor  
  79  6:10  Orbital Command, SCV  
  80  6:12  Viking  
  80  6:16  SCV, Marine  
  84  6:22  SCV  
  84  6:23  Siege Tank  
  87  6:28  SCV  
  87  6:31  Viking  
  90  6:35  SCV x2, Marine  
  90  6:37  Supply Depot x2  
  93  6:41  SCV  
  93  6:47  Supply Depot  
  93  6:48  Supply Depot  
  93  6:55  Combat Shield  
  93  6:58  Marine x3  
  93  6:59  SCV x3  
  93  7:00  Medivac  
  93  7:01  Marine, Medivac  
  103  7:02  Marine  
  103  7:04  Siege Tank  
  103  7:08  Supply Depot  
  108  7:11  SCV x3  
  108  7:12  Supply Depot x2  
  111  7:16  Marine x2  
  111  7:20  Marine  
  111  7:22  Marine x2  
  116  7:23  Armory, SCV x3  
  116  7:26  Barracks  
  119  7:32  Barracks  
  119  7:34  Marine  
  119  7:35  SCV x3  
  119  7:36  Marine  
  122  7:38  Marine  
  122  7:40  Marine  
  122  7:42  Refinery  
  122  7:43  Marine, Refinery  
  125  7:44  Sensor Tower  
  125  7:47  SCV x2  
  125  7:51  SCV  
  128  7:52  Marine  
  128  7:53  Marine  
  128  7:56  Marine, Supply Depot  
  128  7:57  Supply Depot  
  131  7:59  SCV  
  131  8:00  Marine  
  131  8:04  Marine  
  131  8:05  SCV  
  135  8:08  SCV, Command Center  
  135  8:10  Marine  
  135  8:11  Marine  
  133  8:13  Marine  
  133  8:15  Medivac x2, Barracks Reactor  
  133  8:16  Terran Infantry Weapons Level 2  
  133  8:18  Marine  
  139  8:21  Supply Depot  
  139  8:25  Terran Infantry Armor Level 2  
  140  8:28  Marine x2  
  140  8:29  Marine  
  140  8:31  Marine  
  140  8:33  Barracks Reactor  
  123  8:34  Terran Vehicle Weapons Level 1  
  123  8:36  Marine  
  123  8:38  Supply Depot  
  123  8:39  Supply Depot  
  123  8:40  SCV  
  125  8:45  Viking  
  125  8:46  Marine x2  
  125  8:47  Marine  
  125  8:48  Viking  
  132  8:49  Marine  
  132  8:51  Siege Tank  
  132  8:52  Marine x2  
  132  8:54  Marine  
  139  9:04  Marine x2  
  139  9:05  Marine  
  139  9:07  Marine  
  139  9:09  Marine  
  144  9:10  Marine x2  
  144  9:12  Marine x2  
  147  9:19  Supply Depot  
  147  9:21  SCV x2, Factory  
  147  9:22  Marine x3  
  147  9:23  Siege Tank  
  155  9:24  Viking x2  
  155  9:25  Marine  
  155  9:26  Marine  
  155  9:28  Marine x2  
  155  9:29  Marine x2  
  164  9:39  Marine  
  164  9:40  Marine x2  
  164  9:42  Marine  
  164  9:44  Marine  
  169  9:45  Marine  
  169  9:46  Marine  
  169  9:47  Marine  
  169  9:48  Marine  
  169  9:52  Planetary Fortress  
  172  9:54  Viking x2  
  172  9:55  Siege Tank  
  172  9:57  SCV, Marine x2  
  172  9:58  Marine  
  172  9:59  SCV  
  184  10:00  Marine  
  184  10:02  Marine  
  184  10:05  Marine  
  184  10:06  Marine x2  
  189  10:12  Marine  
  191  10:19  Command Center  
  187  10:30  Supply Depot  
  187  10:31  Marine x2  
  189  10:40  Marine  
  189  10:45  Marine x2  
  189  10:48  Viking  
  189  10:51  Liberator, Marine x2, Siege Tank  
  189  10:52  Supply Depot  
  189  10:54  Refinery, Supply Depot  
  189  10:55  Supply Depot  
  189  10:56  Refinery  
  197  10:59  Marine x2  
  197  11:00  Marine x2  
  191  11:05  Marine x3  
  191  11:09  Marine x2  
  156  11:17  Marine x2  
  156  11:18  Liberator, Marine x2  
  160  11:23  Marine x3  
  135  11:27  Marine x2  
  135  11:30  Siege Tank  
  124  11:34  Liberator  
  124  11:35  Marine x3  
  124  11:36  Marine  
  131  11:41  Marine x3  
  131  11:42  SCV x2  
  131  11:44  Marine x2  
  138  11:53  Marine x4  
  142  11:57  Terran Infantry Weapons Level 3  
  142  11:59  Marine x3  
  142  12:00  Terran Infantry Armor Level 3  
  142  12:01  Liberator  
  148  12:02  Marine x2, Factory Tech Lab  
  150  12:11  Marine x4  
  154  12:16  Marine  
  154  12:17  Marine, Medivac  
  154  12:20  Marine  
  154  12:21  Marine  
  154  12:22  Marine  
  158  12:24  Orbital Command  
  158  12:28  Marine  
  158  12:29  Marine x2  
  156  12:33  Starport  
  156  12:35  Marine  
  156  12:36  Starport  
  158  12:37  Marine  
  158  12:40  Marine  
  158  12:44  Medivac  
  162  12:45  Marine  
  162  12:47  Medivac  
  162  12:51  Marine x5  
  158  12:53  Marine, Command Center  
  158  12:54  Orbital Command  
  158  12:56  Marine  
  151  12:58  Marine  
  151  13:00  SCV  
  151  13:02  SCV  
  138  13:06  Marine  
  138  13:09  Marine x2  
  138  13:12  SCV, Marine  
  141  13:14  Medivac, Starport Reactor  
  141  13:15  Starport Reactor  
  141  13:16  SCV  
  144  13:21  SCV  
  144  13:24  SCV  
  146  13:28  SCV  
  146  13:29  SCV  
  146  13:33  SCV  
  146  13:34  Marine  
  150  13:36  SCV  
  150  13:40  SCV  
  152  13:47  SCV, Sensor Tower  
  152  13:48  SCV x2, Bunker  
  154  13:52  SCV  
  154  13:53  Siege Tank  
  159  14:00  SCV x3  
  162  14:09  Planetary Fortress  
  162  14:10  SCV  
  162  14:11  Terran Vehicle Weapons Level 2  
  162  14:12  SCV x2  
  162  14:13  SCV  
  166  14:21  Missile Turret  
  166  14:22  SCV  
  166  14:24  Fusion Core, SCV, Siege Tank  
  168  14:25  Armory  
  168  14:27  SCV  
  168  14:30  Viking  
  174  14:33  Viking x2  
  174  14:38  Siege Tank  
  181  14:43  Viking x2  
  185  14:47  Neosteel Armor  
  185  14:48  Missile Turret  
  185  14:52  Sensor Tower, Refinery  
  185  14:53  SCV x2  
  185  14:59  Viking, Missile Turret  
  189  15:01  Missile Turret  
  189  15:02  Viking  
  191  15:07  Siege Tank  
  191  15:08  Missile Turret  
  191  15:10  Advanced Ballistics  
  191  15:13  Terran Vehicle And Ship Armor Level 1  
  194  15:16  Viking  
  194  15:17  Viking  
  194  15:19  Viking  
  194  15:21  Missile Turret  
  200  15:24  Missile Turret  
  200  15:30  Missile Turret  
  200  15:34  Missile Turret, Command Center  
  177  15:50  Marine x9  
  177  15:53  Siege Tank  
  177  15:56  Siege Tank  
  148  16:08  Marine x9  
  166  16:20  Liberator x6  
  166  16:25  Siege Tank  
  169  16:26  Marine x8  
  169  16:27  Terran Ship Weapons Level 1  
  169  16:28  Marine  
  172  16:42  Command Center  
  172  16:44  Marine x3  
  175  16:49  Siege Tank  
  175  16:50  Marine x2  
  179  16:57  Sensor Tower  
  179  17:01  Orbital Command  
  179  17:02  Marine  
  179  17:06  Liberator  
  179  17:07  Marine  
  184  17:15  Siege Tank  
  184  17:23  Marine  
  184  17:25  Missile Turret  
  184  17:29  Siege Tank  
  188  17:42  Marine x6  
  194  17:51  Viking  
  184  17:54  Viking x2  
  188  18:00  Viking  
  189  18:12  SCV  
  189  18:13  SCV x2  
  191  18:22  Refinery  
  191  18:24  Refinery  
  191  18:25  SCV x3, Refinery  
  172  18:35  Marine x7  
  172  18:37  SCV  
  172  18:38  Liberator  
  172  18:40  Planetary Fortress  
  127  18:42  Liberator  
  127  18:47  Liberator  
  131  18:49  Marine  
  131  18:50  Marine  
  131  18:52  Marine  
  131  18:53  Marine  
  131  18:54  Siege Tank  
  131  18:55  Marine  
  139  18:57  Marine  
  139  18:58  Marine  
  139  19:00  Marine  
  142  19:03  Liberator  
  142  19:05  Marine  
  142  19:07  Marine x2  
  148  19:10  Marine  
  148  19:12  Marine  
  150  19:24  Liberator  
  149  19:25  Marine x3, Missile Turret  
  149  19:27  Marine x4  
  149  19:28  Marine  
  149  19:30  Liberator, Marine  
  164  19:43  Marine x3  
  164  19:45  Marine x4  
  171  19:46  Marine, Command Center  
  171  19:48  Marine  
  171  19:50  Sensor Tower  
  173  20:02  Smart Servos  
  173  20:04  Marine  
  186  20:23  Marine  
  186  20:26  Marine  
  188  20:30  Viking x6  
  188  20:31  Siege Tank  
  191  20:38  Marine  
  191  20:39  Marine  
  193  20:42  Marine  
  193  20:47  Command Center  
  194  20:55  Barracks  
  194  20:56  Barracks  
  191  21:00  Viking x2  
  193  21:05  Medivac x3  
  199  21:16  Marine  
  200  21:25  Marine  
  200  21:36  Marine  
  174  21:45  Marine x8  
  174  21:46  Siege Tank  
  161  21:54  Marine  
  123  22:03  Marine x8  
  123  22:06  Siege Tank  
  134  22:12  Marine  
  134  22:14  Marine x2  
  134  22:21  Marine x8  
  142  22:29  Marine  
  148  22:32  Marine x2  
Show
View Real Time Build Order
Export as new Build Order

AqueroN Terran 

Build Orders:  

Get SALT Encoding   

  12  0:00  SCV  
  13  0:12  SCV  
  14  0:17  Supply Depot  
  14  0:24  SCV  
  15  0:38  SCV  
  15  0:40  Barracks  
  16  0:44  Refinery  
  16  0:50  SCV  
  16  0:53  Refinery  
  17  1:03  SCV  
  18  1:15  SCV  
  19  1:27  Orbital Command, Reaper  
  20  1:33  Supply Depot  
  20  1:42  Factory  
  20  1:53  SCV  
  21  1:59  Reaper  
  22  2:05  SCV  
  23  2:17  SCV  
  24  2:23  Command Center  
  24  2:29  Hellion, SCV  
  27  2:32  Reaper  
  28  2:37  Supply Depot  
  28  2:41  SCV  
  29  2:48  Starport  
  29  2:52  Widow Mine  
  31  2:58  SCV  
  31  3:04  Barracks Tech Lab  
  32  3:10  SCV  
  33  3:13  Factory Tech Lab  
  33  3:20  Refinery  
  33  3:23  SCV  
  34  3:29  Banshee  
  37  3:35  SCV, Cyclone  
  37  3:37  Orbital Command  
  41  3:43  Barracks Reactor  
  41  3:47  SCV  
  42  3:52  Supply Depot  
  42  3:59  SCV  
  43  4:04  SCV  
  43  4:07  Siege Tank  
  47  4:11  SCV  
  47  4:16  SCV  
  49  4:18  Raven  
  49  4:20  Marine x2, Supply Depot  
  49  4:23  Supply Depot  
  53  4:24  SCV  
  53  4:28  SCV  
  55  4:36  SCV  
  55  4:38  Marine x2  
  56  4:39  Siege Tank  
  56  4:40  SCV  
  62  4:48  SCV  
  63  4:54  Command Center  
  63  4:56  Raven  
  63  4:58  SCV  
  66  5:00  SCV  
  66  5:04  Supply Depot  
  66  5:05  Supply Depot  
  66  5:06  Marine  
  68  5:07  Marine  
  68  5:10  SCV  
  70  5:15  Siege Tank  
  70  5:18  SCV  
  74  5:23  SCV  
  72  5:37  Barracks x2, Viking x2  
  72  5:40  SCV x2  
  78  5:44  Supply Depot  
  78  5:46  Stimpack  
  78  5:52  Refinery  
  78  5:53  Supply Depot  
  78  5:54  Siege Tank  
  81  5:58  SCV x2  
  83  6:06  Viking  
  83  6:07  Orbital Command  
  85  6:11  Viking  
  85  6:17  Supply Depot  
  85  6:22  Marine  
  85  6:23  SCV x2  
  85  6:25  Barracks Reactor x2  
  87  6:35  SCV, Siege Tank  
  87  6:37  SCV  
  92  6:40  Orbital Command  
  92  6:42  Viking  
  91  6:47  SCV  
  91  6:49  SCV  
  91  6:53  Barracks, Engineering Bay  
  93  6:54  Barracks  
  93  6:56  Engineering Bay  
  93  6:59  SCV  
  93  7:01  Viking  
  96  7:02  SCV, Marine x4  
  96  7:03  Marine  
  102  7:10  SCV  
  102  7:11  SCV  
  102  7:14  SCV, Viking  
  106  7:19  Supply Depot  
  106  7:20  Supply Depot  
  106  7:21  Terran Infantry Weapons Level 1, Terran Infantry Armor Level 1  
  106  7:22  SCV  
  107  7:24  SCV  
  107  7:25  Marine x2  
  107  7:26  SCV, Marine x2  
  107  7:29  Siege Tank  
  115  7:37  SCV  
  115  7:38  SCV, Combat Shield  
  115  7:39  Marine  
  115  7:42  Marine  
  115  7:43  Marine, Barracks Reactor  
  115  7:44  Refinery x2  
  120  7:45  Barracks Reactor  
  120  7:49  Marine x2, Missile Turret  
  121  7:51  Missile Turret  
  121  7:56  Viking  
  123  7:59  SCV x2  
  123  8:00  SCV  
  123  8:03  Marine x3  
  129  8:07  Marine x2, Sensor Tower  
  131  8:13  Siege Tank  
  131  8:18  Command Center  
  134  8:20  Marine x2  
  134  8:21  Marine x5  
  134  8:25  Marine x2  
  140  8:38  Marine x2  
  140  8:40  Barracks, Medivac x2  
  146  8:41  Barracks  
  146  8:42  Barracks, Marine x3  
  149  8:49  Supply Depot x2  
  149  8:50  Marine x3, Supply Depot  
  153  8:56  Marine x2  
  153  9:00  Siege Tank  
  157  9:06  Factory  
  157  9:07  Marine x2  
  157  9:09  Armory, Barracks Reactor, Supply Depot  
  157  9:10  Marine x3  
  160  9:17  Marine x3  
  160  9:25  Marine x2  
  160  9:28  Marine x3  
  160  9:30  Barracks Reactor x3  
  165  9:32  Siege Tank  
  165  9:35  SCV x3  
  169  9:39  Marine x3  
  172  9:48  Marine x2  
  172  9:49  Marine x5  
  179  9:53  Medivac x2, Siege Tank  
  179  9:55  Orbital Command  
  189  10:05  SCV  
  189  10:06  Marine x3  
  194  10:08  Terran Infantry Weapons Level 2, Terran Infantry Armor Level 2  
  194  10:11  Marine  
  191  10:16  Marine x5  
  191  10:17  Marine  
  191  10:21  Marine  
  192  10:25  Medivac, Missile Turret  
  195  10:28  Missile Turret  
  195  10:29  Siege Tank  
  195  10:49  Marine x10  
  173  10:50  Marine x2  
  173  10:52  Marine  
  173  10:53  Siege Tank  
  173  10:56  Medivac x2  
  166  11:07  Marine x7  
  166  11:08  Marine x7  
  137  11:12  Marine x2  
  136  11:24  Marine  
  136  11:25  Marine  
  110  11:31  Marine  
  110  11:32  Marine x7  
  99  11:33  SCV  
  99  11:34  SCV x2, Siege Tank  
  99  11:35  Marine x3, Siege Tank  
  106  11:42  Viking x2  
  106  11:44  Marine x2  
  106  11:46  Marine x3  
  115  11:49  Marine  
  115  11:51  Marine x3  
  115  11:52  Marine x2  
  115  11:53  Marine x2  
  123  12:05  Marine x5  
  123  12:06  Siege Tank  
  123  12:07  Siege Tank  
  134  12:09  Marine x3  
  134  12:10  Marine  
  138  12:20  Marine  
  129  12:23  Marine x4  
  131  12:30  Marine x4  
  131  12:31  Marine x3  
  131  12:32  Marine x4  
  131  12:36  Medivac x2  
  146  12:38  Marine  
  146  12:39  Siege Tank x2  
  153  12:44  Marine x3  
  156  12:53  Terran Infantry Armor Level 3  
  152  12:59  Terran Infantry Weapons Level 3  
  152  13:03  Orbital Command  
  152  13:05  Marine x3  
  140  13:06  Marine  
  140  13:07  Marine  
  140  13:12  Marine  
  140  13:13  Marine x3  
  139  13:21  Orbital Command  
  139  13:23  Marine x4  
  139  13:26  Medivac x2  
  146  13:43  Siege Tank x2  
  146  13:46  Marine  
  146  13:47  Marine x9  
  146  13:48  Marine  
  163  13:58  Sensor Tower  
  163  13:59  SCV x3  
  166  14:03  Marine x4  
  170  14:10  Marine x4  
  170  14:11  Marine  
  170  14:13  Marine x3  
  170  14:16  Terran Vehicle Weapons Level 1  
  178  14:22  Marine x5  
  178  14:23  Marine  
  184  14:25  Marine x2  
  186  14:32  Marine x2  
  186  14:33  Marine  
  186  14:37  Siege Tank  
  193  14:40  Marine, Sensor Tower  
  193  14:43  Siege Tank  
  199  14:46  Medivac  
  199  14:49  Medivac  
  200  14:54  Refinery  
  200  15:14  Bunker  
  200  15:35  Command Center  
  200  15:36  Command Center  
  183  15:52  Siege Tank x2  
  183  15:54  Viking x2  
  127  16:05  Marine  
  127  16:06  Marine x15  
  143  16:23  Marine  
  143  16:24  Marine x8, Siege Tank x2  
  158  16:35  Marine  
  158  16:36  Marine x6  
  164  16:41  Marine  
  164  16:43  Marine x4  
  164  16:44  Marine x3  
  172  16:55  Orbital Command  
  172  17:08  Marine x4  
  174  17:16  Orbital Command  
  174  17:48  Marine x10  
  174  17:49  Marine x6  
  182  18:06  Marine x4  
  182  18:11  Marine  
  182  18:12  Marine x6  
  181  18:22  Marine x3, Siege Tank x2  
  181  18:23  Marine x3  
  181  18:24  Marine x3  
  193  18:29  Marine  
  193  18:30  Marine  
  136  18:41  Marine x2  
  118  18:43  Marine x3  
  118  18:44  Marine x2  
  124  18:53  Medivac  
  126  18:55  Medivac  
  126  19:02  Orbital Command  
  128  19:07  Marine x5  
  133  19:13  Marine x2  
  135  19:24  Marine x6  
  135  19:32  Medivac  
  135  19:33  Medivac  
  135  19:36  Orbital Command  
  142  19:47  Marine  
  142  19:48  Marine x5  
  142  19:49  Marine  
  142  19:50  Marine x3  
  149  19:59  Marine x4  
  153  20:09  Marine x2  
  155  20:15  Marine  
  155  20:16  Marine x4  
  160  20:23  Marine x2  
  160  20:24  Marine  
  160  20:26  Marine  
  164  20:30  Marine  
  164  20:31  Marine  
  164  20:35  Medivac  
  164  20:51  Marine x6  
  164  20:52  Marine x2  
  164  20:53  Marine  
  171  21:01  Marine  
  171  21:02  Marine x2  
  174  21:12  Siege Tank  
  174  21:16  Marine x2  
  179  21:19  Marine  
  179  21:22  Marine  
  181  21:26  Marine  
  96  21:43  Marine  
  96  21:44  Marine  
  57  21:55  Marine x3  
  57  21:56  Marine x5  
  57  21:57  Marine  
  57  22:16  Marine x2  
  57  22:17  Marine  
  57  22:18  Marine x2  
  60  22:30  Marine x3  
  60  22:31  Marine x4  
  60  22:32  Marine  
  60  22:34  Marine  
Tags
 
Add a new tag
Caveats
  • Supply blocks, unpowered buildings, or Contaminate may cause inaccurate times.
  • Supply counts are checked every 10 seconds.